AoeStats
← Stivigi

Oasis

509862386Analyzed
2v2 RM · 5d ago on Sep 28, 2026· 48m 23s· 4 players
Game mode
Random Map
Map size
Medium (4 player)
Population
200
Speed
Normal
Resources
Standard
Victory
Conquest
Starting age
Dark Age
Ending age
Imperial Age
RankedLock teamsTeams togetherTeam positionsShared explorationLock speedFull tech treeHidden civsTurbo modeCheats
Victory
Defeat
🇷🇴 Burgundians · Romania
1168
+12
🇭🇰 Magyars · Hong Kong SAR China
1141
+13
🇱🇧 Malians · Lebanon
1085
-13
🇱🇧 Vietnamese · Lebanon
1059
-12
La pomme1
3:24 Loom
9:03 Loom
11:04 Feudal Age
16:36 Castle Age
14:49 Double-Bit Axe
17:38 Husbandry
20:01 Bow Saw
22:55 Horse Collar
24:58 Heavy Plow
27:19 Wheelbarrow
29:26 Fortified Wall
29:52 Bloodlines
33:07 Imperial Age
32:02 Town Watch
32:33 Hand Cart
33:07 Gold Mining
33:08 Stone Mining
33:23 Heavy Camel Rider
34:51 Forging
34:46 Scale Barding Armor
35:14 Conscription
36:47 Iron Casting
36:51 Gold Shaft Mining
38:19 Ballistics
39:00 Chemistry
39:52 Crop Rotation
38:55 Elite Skirmisher
39:41 Thumb Ring
39:31 Fletching
39:42 Padded Archer Armor
40:02 Chain Barding Armor
40:28 Imperial Skirmisher
42:51 Plate Barding Armor
42:12 Bodkin Arrow
44:17 Leather Archer Armor
Stivigi
8:28 Loom
11:27 Feudal Age
11:57 Double-Bit Axe
14:47 Forging
14:39 Fletching
16:40 Wheelbarrow
16:05 Horse Collar
20:30 Castle Age
20:36 Gold Mining
20:31 Crossbowman
21:36 Bow Saw
22:10 Pikeman
24:27 Bodkin Arrow
25:26 Padded Archer Armor
25:59 Thumb Ring
26:59 Heavy Plow
36:19 Stone Mining
40:06 Fortified Wall
w.tataieee
1:03 Loom
5:54 Wheelbarrow
12:38 Feudal Age
18:42 Castle Age
16:48 Double-Bit Axe
16:49 Horse Collar
18:21 Scale Barding Armor
18:26 Forging
19:04 Cavalier
19:49 Husbandry
23:51 Chain Barding Armor
27:27 Bow Saw
37:24 Scale Mail Armor
41:19 Gold Mining
43:33 Gold Shaft Mining
45:53 Imperial Age
44:24 Hand Cart
47:04 Iron Casting
46:44 Chain Mail Armor
47:59 Paladin
低糖老头
11:22 Feudal Age
15:56 Castle Age
14:08 Double-Bit Axe
16:53 Stone Mining
18:26 Gold Mining
20:51 Gold Shaft Mining
20:42 Horse Collar
24:32 Heavy Plow
25:57 Wheelbarrow
31:58 Imperial Age
29:52 Corvinian Army
30:31 Hand Cart
31:19 Bow Saw
32:11 Scale Barding Armor
33:14 Recurve Bow
33:37 Chain Barding Armor
33:08 Fletching
33:18 Padded Archer Armor
34:20 Two-Man Saw
33:52 Crop Rotation
33:59 Ballistics
33:36 Murder Holes
35:23 Thumb Ring
35:43 Parthian Tactics
34:39 Heavy Cavalry Archer
35:59 Bloodlines
35:46 Bodkin Arrow
36:06 Leather Archer Armor
36:18 Conscription
36:24 Elite Magyar Huszar
40:59 Bracer
41:29 Ring Archer Armor
41:35 Plate Barding Armor
41:08 Caravan
43:55 Siege Engineers
Connection lost

Rejoining the realm…

Still unreachable

The connection could not be restored.

Session expired

The server has moved on; the page needs a fresh start.